 Dungeon Crawl Stone Soup version 0.31.0-9-g3a7656b989 (webtiles) character file.

Game seed: 4763568578464344776

585 qw the Shooter (level 7, -2/35 HPs)
             Began as a Spriggan Hunter on Feb 2, 2024.
             Slain by a killer bee (4 damage)
             ... on level 5 of the Dungeon.
             The game lasted 00:00:12 (2860 turns).

qw the Shooter (Spriggan Hunter)                    Turns: 2860, Time: 00:00:12

Health: -2/35      AC:  2    Str:  7    XL:     7   Next: 14%
Magic:  8/8        EV: 26    Int: 11    God:
Gold:   224        SH:  0    Dex: 20    Spells: 6/6 levels left

rFire   . . .        a - +0 shortbow
rCold   . . .        (shield currently unavailable)
rNeg    + . .        c - +0 robe
rPois   .            (helmet restricted)
rElec   .            (no cloak)
rCorr   .            (gloves unavailable)
SInv    +            (boots unavailable)
Will    +....        (no amulet)
Stlth   ++           j - +5 ring of evasion
HPRegen 0.25/turn    h - ring of positive energy
MPRegen 0.11/turn

%: no passive effects
@: lethally poisoned (-2 -> -5), about to teleport, very quick
A: very small, no large weapons, unfitting armour, see invisible, speed 3
a: no special abilities


You were on level 5 of the Dungeon.
You visited 1 branch of the dungeon, and saw 5 of its levels.

You collected 224 gold pieces.


Innate Abilities, Weirdness & Mutations

You are very small and have problems with some larger weapons.
You are too small for most types of armour.
You have supernaturally acute eyesight. (SInv)
You cover ground extremely quickly. (Speed+++)


   Skills:
 - Level 2.9 Fighting
 + Level 6.9 Ranged Weapons
 - Level 6.0 Dodging
 - Level 1.5 Stealth


You had 6 spell levels left.
You didn't know any spells.
Your spell library was empty.

Inventory:

Hand Weapons
 a - a +0 shortbow (weapon)
Armour
 c - a +0 robe (worn)
Jewellery
 e - a ring of ice
 h - a ring of positive energy (right hand)
 j - a +5 ring of evasion (left hand)
Potions
 d - a potion of curing
 g - a potion of might
 i - a potion of mutation {unknown}

Dungeon Overview and Level Annotations

Branches:
Dungeon (5/15)
 Temple: D:4-7

Altars:
Elyvilon
Wu Jian


Message History

The phantom misses you. The killer bee completely misses you.
You shoot an arrow. The arrow hits the phantom!
You destroy the phantom!
The killer bee misses you. The killer bee completely misses you.
You shoot an arrow. The arrow barely misses the killer bee.
You hear an angry buzzing noise.
The killer bee closely misses you. The killer bee misses you.
The killer bee completely misses you.
A killer bee comes into view.
You shoot an arrow. The arrow hits the killer bee.
The killer bee is lightly wounded.
The killer bee closely misses you. The killer bee barely misses you.
You shoot an arrow. The arrow hits the killer bee.
The killer bee is moderately wounded.
The killer bee barely misses you. The killer bee misses you.
The killer bee stings you.
You are poisoned.
The killer bee poisons you!
A killer bee comes into view.
The killer bee closely misses you.
2856 ||| RETREEEEATING.
You feel sick. The killer bee completely misses you.
The killer bee attacks as it pursues you!
The killer bee stings you but does no damage.
2857 ||| RETREEEEATING.
You feel sick.
2858 ||| READING scroll of teleportation.
As you read the scroll of teleportation, it crumbles to dust.
You feel strangely unstable.
You feel sick.
The killer bee completely misses you. x2
The killer bee misses you.
The killer bee completely misses you. x2
2859 ||| RETREEEEATING.
You feel sick.
The killer bee attacks as it pursues you!
The killer bee completely misses you.
The killer bee attacks as it pursues you!
The killer bee misses you.
2860 ||| RETREEEEATING.
The killer bee stings you. x2
You die...

#.#.# .= ... .##.#.# #.#..
....... ##... #########
..?... #..# .....<..# #.
....####..# ........# #.
#.#.##....# ........#
#.##.#......## ........#
#.#..#y...### ........#
#....@y....# ........##
#.....y....#######
.........###..........$.)....
...(.......##..######.<......
....(...#........# #.......#
#########.###..#.# .........
#.. #..#.# ......### ########
# ........# .#......#


You could see 3 killer bees.

Vanquished Creatures
  A water moccasin (D:5)
  2 ogres (D:4)
  A phantom (D:5)
  A scorpion (D:4)
  A hound (D:4)
  An iguana (D:4)
  3 adders
  4 ribbon worms
  5 dart slugs
  9 orcs
  3 bats
  5 endoplasms
  3 giant cockroaches
  8 goblins
  4 hobgoblins
  3 quokkas
  9 ball pythons
  7 frilled lizards
  10 kobolds
  4 rats
84 creatures vanquished.

Notes
Turn   | Place    | Note
-------+----------+-------------------------------------------
     0 | D:1      | qw the Spriggan Hunter began the quest for the Orb.
     0 | D:1      | Reached XP level 1. HP: 10/10 MP: 2/2
     0 | D:1      | 0 ||| qw: Version: 0.3-a-155-g5e7d8dd
     0 | D:1      | 0 ||| qw: Game counter: 2600
     0 | D:1      | 0 ||| qw: Melee chars always use a shield: true
     0 | D:1      | 0 ||| qw: God list: Okawaru
     0 | D:1      | 0 ||| qw: Allow faded altars: false
     0 | D:1      | 0 ||| qw: Do Orc after clearing Dungeon:15 true
     0 | D:1      | 0 ||| qw: Do second Lair branch before Depths: true
     0 | D:1      | 0 ||| qw: Lair rune preference: random
     0 | D:1      | 0 ||| qw: Goals: Normal
     0 | D:1      | 0 ||| PLANNING D:1-11
   120 | D:1      | Reached skill level 3 in Dodging
   218 | D:1      | Reached XP level 2. HP: 14/14 MP: 3/3
   548 | D:1      | Found a faded altar of an unknown god.
   596 | D:1      | 596 ||| DRINKING 2 yellow potions.
   597 | D:1      | 597 ||| DRINKING 2 glowing golden potions.
   598 | D:1      | 598 ||| DROPPING scroll of butterflies.
   599 | D:1      | 599 ||| DROPPING potion of invisibility.
   641 | D:2      | Reached XP level 3. HP: 18/18 MP: 4/4
   848 | D:2      | Found a white marble altar of Elyvilon.
   862 | D:2      | Identified the +5 ring mail of Experimentation {rElec}
  1210 | D:2      | 1210 ||| UPGRADING to +5 ring of evasion.
  1211 | D:2      | 1211 ||| READING scroll labelled XOEKADUNEU.
  1211 | D:2      | 1211 ||| IDENTIFYING metallic red potion
  1212 | D:2      | 1212 ||| READING scroll labelled ESOCIGGADUN.
  1313 | D:2      | 1313 ||| READING scroll labelled JOFEFU MOEM.
  1314 | D:2      | 1314 ||| DROPPING potion of brilliance.
  1339 | D:3      | 1339 ||| STAIRDANCE
  1363 | D:3      | 1363 ||| STAIRDANCE
  1490 | D:3      | Reached XP level 4. HP: 21/22 MP: 5/5
  1621 | D:3      | 1621 ||| READING scroll labelled POCSYF HONKO.
  2005 | D:3      | 2005 ||| UPGRADING to ring of positive energy.
  2006 | D:3      | 2006 ||| READING 2 scrolls labelled QUFUGA JUTRIG.
  2077 | D:4      | Noticed an ogre
  2082 | D:4      | Killed an ogre
  2083 | D:4      | Reached XP level 5. HP: 28/28 MP: 6/6
  2170 | D:4      | Found an ornate altar of the Wu Jian Council.
  2208 | D:4      | Noticed an ogre
  2214 | D:4      | Killed an ogre
  2215 | D:4      | Reached XP level 6. HP: 32/32 MP: 7/7
  2280 | D:4      | Reached skill level 6 in Ranged Weapons
  2552 | D:4      | Reached skill level 6 in Dodging
  2782 | D:4      | 2782 ||| READING 2 scrolls of identify.
  2782 | D:4      | 2782 ||| IDENTIFYING glowing yellow potion
  2783 | D:4      | 2783 ||| READING scroll of identify.
  2783 | D:4      | 2783 ||| IDENTIFYING murky brown potion
  2784 | D:4      | 2784 ||| DROPPING potion of lignification.
  2798 | D:5      | Entered Level 5 of the Dungeon
  2798 | D:5      | Noticed a water moccasin
  2809 | D:5      | Killed a water moccasin
  2810 | D:5      | Reached XP level 7. HP: 35/35 MP: 8/8
  2846 | D:5      | 2846 ||| RETREEEEATING.
  2856 | D:5      | 2856 ||| RETREEEEATING.
  2857 | D:5      | 2857 ||| RETREEEEATING.
  2857 | D:5      | HP: 8/35 [poisoned by a killer bee]
  2858 | D:5      | 2858 ||| READING scroll of teleportation.
  2859 | D:5      | 2859 ||| RETREEEEATING.
  2860 | D:5      | 2860 ||| RETREEEEATING.
  2860 | D:5      | HP: 2/35 [killer bee (5)]
  2860 | D:5      | Slain by a killer bee

Levels and vault maps discovered:
D:1:      roadster_arrival_rocket_small, layout_loops_cross,
          dilly_ecumenical_altar_fadedgnrine, minmay_pentomino_t4
D:2:      layout_basic, basic_altar
D:3:      layout_rooms, serial_co_window_serial, co_window_paths_a,
          co_window_of_opportunity_a, co_window_paths_b, co_window_paths_b,
          co_window_corner_a, co_window_paths_c, co_window_2corner,
          co_window_of_opportunity_c, glass_columns_a
D:4:      layout_loops_ring, mainiacjoe_overflow_small_starburst
D:5:      layout_rooms, elyvilon_altar_4, serial_park_tiny_1,
          hangedman_glass_teeth, due_unseen_surprise

Skill      XL: |  1  2  3  4  5  6 |
---------------+-------------------+-----
Dodging        | 3 4 5 6 |  6.0
Ranged Weapons | 5 6 |  6.9
Fighting       | 2 |  2.9
Stealth        | |  1.5

Action                     |  1- 3 |  4- 6 |  7- 9 || total
---------------------------+-------+-------+-------++-------
   Fire: Shortbow          |   132 |   139 |    23 ||   294
    Use: Potion            |     2 |       |       ||     2
         Scroll            |     3 |     4 |     1 ||     8
 Armour: Robe              |    12 |    10 |    12 ||    34
  Dodge: Dodged            |    44 |    48 |    32 ||   124

Table legend:
 A = Non-vault XP
 B = Vault XP
 C = Vault XP percentage of total XP
 D = Non-vault monster count
 E = Vault monster count
 F = Vault count percentage of total count
                 A         B        C        D         E       F
            +---------+---------+-------+---------+---------+-------
      Total |     830 |       6 |   0.7 |      81 |       3 |   3.6
            +---------+---------+-------+---------+---------+-------
        D:1 |      26 |       6 |  18.8 |      16 |       3 |  15.8
        D:2 |      54 |       0 |   0.0 |      19 |       0 |   0.0
        D:3 |      54 |       0 |   0.0 |      24 |       0 |   0.0
        D:4 |     446 |       0 |   0.0 |      20 |       0 |   0.0
        D:5 |     250 |       0 |   0.0 |       2 |       0 |   0.0
            +---------+---------+-------+---------+---------+-------
